 Dungeon Crawl Stone Soup version 0.19.1 (webtiles) character file.

10200 markt42 the Basher (level 11, -4/67 HPs)
             Began as a Gargoyle Fighter on Dec 22, 2016.
             Was a High Priest of Okawaru.
             Slain by a komodo dragon (16 damage)
             ... on level 1 of the Lair of Beasts.
             The game lasted 00:14:57 (13186 turns).

markt42 the Basher (Gargoyle Fighter)              Turns: 13186, Time: 00:14:58

Health: -4/67      AC: 25    Str: 21    XL:     11   Next: 58%
Magic:  11/11      EV:  6    Int: 10    God:    Okawaru [*****.]
Gold:   596        SH: 11    Dex: 10    Spells: 0 memorised, 10 levels left

rFire  . . .     SeeInvis .     D - +3 flail
rCold  . . .     Gourm    +     y - +1 plate armour
rNeg   + . .     Faith    .     c - +0 shield
rPois  ∞         Spirit   .     x - +2 hat
rElec  +         Reflect  .     n - +0 cloak
rCorr  .         Harm     .     (no gloves)
MR     .....                    (no boots)
Stlth  ..........               B - amulet of the gourmand
                                (no ring)
                                j - ring of stealth

@: hasted, very quick
A: negative energy resistance 1, electricity resistance, unbreathing,
petrification resistance, rot immunity, AC +7
a: Heroism, Finesse, Renounce Religion


You were on level 1 of the Lair of Beasts.
You worshipped Okawaru.
Okawaru was extremely pleased with you.
You were not hungry.

You visited 3 branches of the dungeon, and saw 11 of its levels.

You collected 596 gold pieces.

Inventory:

Hand Weapons
 D - a +3 flail (weapon)
Armour
 c - a +0 shield (worn)
 n - a +0 cloak (worn)
 x - a +2 hat (worn)
 y - a +1 plate armour (worn)
Jewellery
 j - a ring of stealth (left hand)
 B - an amulet of the gourmand (around neck)
Wands
 e - a wand of random effects (27/48)
 z - a wand of enslavement (11/24)
 C - a wand of digging (15/24)
 F - a wand of teleportation (9/9)
 G - a wand of slowing (23/48)
 K - a wand of slowing (30/48)
Scrolls
 b - 5 scrolls of identify
 d - a scroll of fog
 g - 4 scrolls of teleportation
 o - a scroll of recharging
 p - a scroll of blinking
 q - a scroll of remove curse
 r - a scroll of fear
 A - a scroll of enchant weapon
 J - a scroll of enchant armour
Potions
 h - a potion of brilliance
 s - 2 potions of invisibility
 I - a potion of flight
Comestibles
 f - 5 bread rations
 i - 7 fruits
 l - 4 beef jerkies
 m - 8 meat rations
 u - 2 royal jellies
 v - 4 slices of pizza


   Skills:
 + Level 7.3 Fighting
 * Level 13.0 Maces & Flails
 + Level 7.9 Armour
 + Level 1.4 Dodging
 + Level 9.5 Shields


You had 10 spell levels left.
You didn't know any spells.

Dungeon Overview and Level Annotations

Branches:
Dungeon (9/15)             Temple (1/1) D:5            Lair (1/6) D:8
    Orc (0/2) D:9

Altars:
Ashenzari
Cheibriados
Dithmenos
Elyvilon
Fedhas
Gozag
Hepliaklqana
Kikubaaqudgha
Makhleb
Nemelex Xobeh
Okawaru
Qazlal
Ru
Sif Muna
Trog
Uskayaw
Vehumet
Xom
Yredelemnul
Zin
The Shining One


Innate Abilities, Weirdness & Mutations

You are resistant to torment.
Your stone body is resilient. (AC +7)
You are immune to poison.
You resist negative energy. (rN+)
You are resistant to electric shocks. (rElec)
You can survive without breathing.
You are immune to petrification.
You are immune to rotting.


Message History

You hit the komodo dragon.
The komodo dragon is moderately wounded.
You block the yak's attack.
You barely miss the komodo dragon.
The komodo dragon is moderately wounded.
You block the yak's attack.
The komodo dragon bites you but does no damage.
You block the yak's attack.
You sock the komodo dragon!
The komodo dragon is heavily wounded.
The yak gores you but does no damage. The komodo dragon bites you!
* * * LOW HITPOINT WARNING * * *
The yak gores you!
* * * LOW HITPOINT WARNING * * *
You are too injured to fight recklessly!
You are too injured to fight recklessly!
You are too injured to fight recklessly!
You feel yourself speed up. The yak barely misses you.
The komodo dragon bites you!
You die...

.....#####.####P#P####♣♣
.......................♣♣
.........................
.........................
.................P.P..>..
.................P.P.....
.................P.P.....
.......lYY.......P.P.....
.....###@#####...P.P.####
..... ### #...P.P.# ....
##...P.P.# ..!.
#....P.P.# ##...P.P.##
#........# #.......##
###........#
##.#.......##


You could see a komodo dragon and 2 yaks.

Vanquished Creatures
  A death yak (D:8)
  An oklob plant (Lair:1)
  An elephant (D:8)
  A hippogriff (D:9)
  A hornet (D:7)
  Prince Ribbit (D:5)
  22 yaks
  A steam dragon (D:7)
  The ghost of empire the Slasher, an amateur DsGl (D:4)
  A hungry ghost (D:8)
  Duvessa (D:7)
  4 orc warriors
  An ice beast (D:9)
  3 sky beasts
  2 phantoms
  3 ogres
  A necrophage (D:9)
  6 wolves
  2 centaurs
  2 crocodiles (D:8)
  4 big kobolds
  2 bullfrogs (D:6)
  Dowan (D:7)
  A water moccasin zombie (D:6)
  A wyvern skeleton (D:9)
  3 scorpions
  3 wights (D:8)
  2 electric eels (D:9)
  A howler monkey (D:5)
  4 crimson imps
  4 jellies
  3 hounds
  7 orc priests
  A centaur skeleton (D:5)
  2 bullfrog skeletons
  2 iguanas
  3 orc wizards
  5 worker ants
  5 hell rats (D:8)
  2 hound zombies
  3 hound skeletons
  15 gnolls
  A howler monkey skeleton (D:6)
  15 adders
  A river rat (D:8)
  A shadow imp (D:6)
  An ooze (D:4)
  2 adder skeletons (D:9)
  2 worms
  A dart slug (D:2)
  3 leopard geckos
  39 orcs
  4 giant cockroaches
  4 goblins
  14 hobgoblins
  13 jackals
  2 quokkas
  3 ball pythons
  8 bats
  6 frilled lizards
  20 kobolds
  A leopard gecko skeleton (D:4)
  30 rats
301 creatures vanquished.

Vanquished Creatures (others)
  A worker ant (D:7)
1 creature vanquished.

Grand Total: 302 creatures vanquished

Notes
Turn   | Place    | Note
-------+----------+-------------------------------------------
     0 | D:1      | markt42 the Gargoyle Fighter began the quest for the Orb.
     0 | D:1      | Reached XP level 1. HP: 14/14 MP: 1/1
   279 | D:1      | Reached XP level 2. HP: 19/19 MP: 2/2
   857 | D:1      | Reached XP level 3. HP: 23/23 MP: 3/3
  1238 | D:2      | Reached skill level 3 in Maces & Flails
  1453 | D:2      | Reached XP level 4. HP: 28/28 MP: 4/4
  2227 | D:3      | HP: 1/42 [orc priest/nerve-wracking pain (5)]
  2230 | D:3      | Reached skill level 1 in Dodging
  2230 | D:3      | Reached XP level 5. HP: 1/32 MP: 5/5
  2642 | D:3      | Reached skill level 4 in Maces & Flails
  3500 | D:4      | Reached XP level 6. HP: 38/38 MP: 6/6
  3601 | D:4      | Noticed a phantom
  3652 | D:4      | Killed a phantom
  3652 | D:4      | Reached skill level 5 in Maces & Flails
  4304 | D:4      | Noticed empire's ghost (amateur DsGl)
  4341 | D:4      | Killed empire's ghost
  4341 | D:4      | Reached XP level 7. HP: 15/43 MP: 7/7
  4555 | D:5      | Entered Level 5 of the Dungeon
  4555 | D:5      | Noticed Prince Ribbit
  4613 | D:4      | HP: 2/43 [sky beast (1)]
  4630 | D:4      | Reached skill level 6 in Maces & Flails
  4980 | D:5      | Found a blossoming altar of Fedhas.
  4980 | D:5      | Found a hide-covered altar of Uskayaw.
  5028 | D:5      | Reached skill level 5 in Shields
  5107 | D:5      | Found a staircase to the Ecumenical Temple.
  5135 | Temple   | Entered the Ecumenical Temple
  5309 | Temple   | Became a worshipper of Warmaster Okawaru
  5421 | D:5      | Killed Prince Ribbit
  5421 | D:5      | Reached skill level 7 in Maces & Flails
  5421 | D:5      | Reached XP level 8. HP: 17/48 MP: 8/8
  5906 | D:6      | Found a stormy altar of Qazlal.
  5988 | D:6      | Reached * piety under Okawaru
  6030 | D:6      | Reached skill level 8 in Maces & Flails
  6071 | D:6      | Found a radiant altar of Vehumet.
  6687 | D:6      | Reached skill level 5 in Fighting
  6747 | D:6      | Reached XP level 9. HP: 46/54 MP: 9/9
  6962 | D:6      | Reached skill level 9 in Maces & Flails
  7518 | D:7      | Noticed a hornet
  7543 | D:7      | Killed a hornet
  7543 | D:7      | Reached skill level 5 in Armour
  7708 | D:7      | Reached ** piety under Okawaru
  7920 | D:7      | Reached skill level 10 in Maces & Flails
  8061 | D:7      | Noticed Dowan
  8062 | D:7      | Noticed Duvessa
  8079 | D:7      | Killed Duvessa
  8088 | D:7      | Killed Dowan
  8761 | D:8      | Found a staircase to the Lair.
  8761 | D:8      | Noticed a death yak
  8762 | D:8      | Noticed an elephant
  8791 | D:8      | Killed a death yak
  8791 | D:8      | Reached XP level 10. HP: 46/60 MP: 10/10
  8802 | D:8      | Killed an elephant
  8802 | D:8      | Reached *** piety under Okawaru
  8802 | D:8      | Reached skill level 11 in Maces & Flails
 10127 | D:8      | Reached **** piety under Okawaru
 10360 | D:9      | Found a burning altar of Makhleb.
 11071 | D:9      | Reached skill level 12 in Maces & Flails
 11078 | D:9      | Reached XP level 11. HP: 58/66 MP: 11/11
 11642 | D:9      | Reached ***** piety under Okawaru
 12423 | D:9      | Found a staircase to the Orcish Mines.
 12529 | Lair:1   | Entered Level 1 of the Lair of Beasts
 12529 | Lair:1   | Found a white marble altar of Elyvilon.
 12529 | Lair:1   | Noticed an oklob plant
 12895 | Lair:1   | Killed an oklob plant
 13176 | Lair:1   | Reached skill level 13 in Maces & Flails
 13186 | Lair:1   | Slain by a komodo dragon

Skill      XL: |  1  2  3  4  5  6  7  8  9 10 11 |
---------------+----------------------------------+-----
Maces & Flails | 3 4 5 7 8 10 12 13 | 13.0
Dodging        | 1 |  1.4
Shields        | 4 5 6 7 8 9 |  9.5
Armour         | 4 5 6 7 |  7.9
Fighting       | 4 5 6 7 |  7.3

Action                   |  1- 3 |  4- 6 |  7- 9 | 10-12 || total
-------------------------+-------+-------+-------+-------++-------
Melee: Flail             |   176 |   334 |   599 |   609 ||  1718
Evoke: Wand              |       |       |       |     1 ||     1
  Use: Potion            |       |     3 |     3 |     6 ||    12
       Scroll            |       |     6 |       |     4 ||    10
  Eat: Chunk             |     2 |     2 |    14 |    20 ||    38
       Bread ration      |       |     2 |       |       ||     2
Armor: Scale mail        |   100 |   108 |       |       ||   208
       Plate armour      |       |    47 |   410 |   330 ||   787
       Chain mail        |       |    16 |       |       ||    16
Dodge: Dodged            |    68 |    91 |   103 |   104 ||   366
Block: Shield            |   131 |   166 |   318 |   331 ||   946
